 Dungeon Crawl Stone Soup version 0.30-a0-862-g1aabd4f9c5 (webtiles) character file.

Game seed: 11534731723031397556

23 holysushi the Slasher (level 3, 0/28 HPs)
             Began as an Octopode Chaos Knight on Mar 9, 2023.
             Was a Plaything of Xom.
             Frozen to death by an endoplasm (2 damage)
             ... on level 1 of the Dungeon.
             The game lasted 00:01:17 (1859 turns).

holysushi the Slasher (Octopode Chaos Knight)       Turns: 1859, Time: 00:01:17

Health: 0/28       AC:  1    Str: 11    XL:     3   Next: 0%
Magic:  3/3        EV: 13    Int: 14    God:    Xom [.....*]
Gold:   9          SH:  0    Dex: 13    Spells: 2/2 levels left

rFire   . . .      SeeInvis .    a - +0 falchion (chaos)
rCold   + . .      Faith    .    (no shield)
rNeg    . . .      Spirit   .    (helmet restricted)
rPois   .          Reflect  .    (no amulet)
rElec   .          Rampage  .    (no ring)
rCorr   .                        (no ring)
Will    +....                    (no ring)
Stlth   ++                       (no ring)
HPRegen 0.24/turn                (no ring)
MPRegen 0.08/turn                (no ring)
                                 (no ring)
                                 (no ring)

@: invisible
A: almost no armour, amphibious, 8 rings, camouflage 1, gelatinous body 1,
(nimble swimmer 1), tentacles, cold resistance 1, strong-willed 1, robust 1
a: Renounce Religion


You were on level 1 of the Dungeon.
You worshipped Xom.
You were Xom's teddy bear.
You visited 1 branch of the dungeon, and saw 2 of its levels.

You collected 9 gold pieces.

Inventory:

Hand Weapons
 a - a +0 falchion of chaos (weapon)
Scrolls
 c - a scroll of identify {unknown}
 e - a scroll of amnesia {unknown}
 f - a scroll of vulnerability {unknown}
 h - a scroll of fog {unknown}
 i - a scroll of poison {unknown}
Potions
 g - a potion of lignification {unknown}
Miscellaneous
 b - a piece from Xom's chessboard (15/15) (quivered)


   Skills:
 - Level 3.0 Fighting
 + Level 4.1 Long Blades
 - Level 2.3 Dodging


You had 2 spell levels left.
You didn't know any spells.
Your spell library was empty.

Dungeon Overview and Level Annotations

Branches:
Dungeon (2/15) Zot: 10132

Altars:
Xom

Shops:
D:1 =


Innate Abilities, Weirdness & Mutations

You cannot wear most types of armour.
You are amphibious.
You can wear up to eight rings at the same time.
Your skin changes colour to match your surroundings (Stealth+).
Your rubbery body absorbs attacks. (AC +1, EV +1)
((You are camouflaged when in or above water. (Stealth+)))
You have tentacles for arms and can constrict up to eight enemies at once.
Your flesh is cold resistant. (rC+)
You are strong-willed. (Will+)
You are robust. (+10% HP)


Message History

The quokka misses you.
You climb upwards.
There is a stone staircase leading down here.
You barely miss the jackal. You grab the jackal.
Your squeeze misses the jackal.
You constrict the jackal, but do no damage.
The jackal barely misses you. The endoplasm hits you.
The quokka bites you but does no damage.
The jackal closely misses you.
You are too injured to fight recklessly!
You are too injured to fight recklessly!
You are too injured to fight recklessly!
You hit the jackal but do no damage.
The jackal is poisoned.
You constrict the jackal. The endoplasm closely misses you.
The jackal bites you but does no damage.
The quokka bites you.
* * * LOW HITPOINT WARNING * * *
You hit the jackal.
You tentacle-slap the jackal, but do no damage.
The jackal is heavily wounded.
You constrict the jackal.
You kill the jackal!
The quokka misses you. The endoplasm hits you.
* * * LOW HITPOINT WARNING * * *
The quokka bites you.
* * * LOW HITPOINT WARNING * * *
The endoplasm freezes you.
You are frozen.
You resist.
You have reached level 3!
Your experience leads to an increase in your attributes!
Increase (S)trength, (I)ntelligence, or (D)exterity?
You feel agile. x2
It was a potion of invisibility.
You fade into invisibility!
Xom is getting BORED.
The quokka closely misses you. The endoplasm freezes you. You resist.
You die... "It's all fun and games until someone loses an eye."

♣...##..###........# #.#
♣...#....##...###### #.#####
♣.....##......# #......
.........#...##############.####.
.................................
#............############..######
#.............._w# #..##
#............###r#######..#
#..[...........†@J.._....##
..##........._#####..__#.#
..###....................# .##
#......#####.#..###.## .#
#..........#...## #.# ##
#.....####.#....###.#####
#.....###....#..........#
#####.#.####................#
............................##


You could see a worm (unable to see you), an endoplasm and a quokka (unable to
see you).

Vanquished Creatures
  3 bats (D:1)
  2 giant cockroaches (D:1)
  2 hobgoblins (D:1)
  3 jackals
  2 kobolds (D:1)
  2 quokkas (D:1)
  2 ball pythons (D:1)
  3 frilled lizards (D:1)
  2 rats (D:1)
21 creatures vanquished.

Notes
Turn   | Place    | Note
-------+----------+-------------------------------------------
     0 | D:1      | holysushi the Octopode Chaos Knight began the quest for the
                  | Orb.
     0 | D:1      | Reached XP level 1. HP: 16/16 MP: 1/1
    55 | D:1      | XOM: butterfly on damage
    86 | D:1      | Found a faded altar of an unknown god.
   147 | D:1      | Reached XP level 2. HP: 4/21 MP: 2/2
   786 | D:1      | Found Hoblostra's Jewellery Boutique.
   790 | D:1      | XOM: confuse monster(s)
  1030 | D:1      | XOM: give mutations
  1030 | D:1      | Gained mutation: You are strong-willed. (Will+) [Xom's
                  | grace]
  1030 | D:1      | Gained mutation: You are robust. (+10% HP) [Xom's grace]
  1030 | D:1      | Gained mutation: Your flesh is cold resistant. (rC+) [Xom's
                  | grace]
  1413 | D:1      | XOM: scenery: create altars
  1768 | D:1      | XOM: scenery: create altars
  1829 | D:2      | XOM: snakes to sticks
  1830 | D:2      | Reached skill level 4 in Long Blades
  1859 | D:1      | Reached XP level 3. HP: 2/28 MP: 3/3
  1859 | D:1      | Frozen to death by an endoplasm

Illustrated notes

Levels and vault maps discovered:
D:1:      heliophobic_arrival_henge, layout_rooms, serial_shops, shop,
          ebering_ecumenical_altar_rust
D:2:      layout_basic, chequers_serial_rivers_micro_b, hangedman_decor_points

Skill      XL: |  1  2 |
---------------+-------+-----
Long Blades    | 4 |  4.1
Fighting       | |  3.0
Dodging        | |  2.3

Action                     || total
---------------------------++-------
  Melee: Falchion          ||    43
         Tentacles         ||    10
         Constrict         ||     8
         Punch             ||     1
    Use: Potion            ||     1
   Stab: Sleeping          ||     1
 Armour: Skin              ||    12
  Dodge: Dodged            ||    44

Table legend: (Time is in decaauts)
 A = Elapsed time spent in this place.
 B = Non-inter-level travel time spent in this place.
 C = Inter-level travel time spent in this place.
 D = Time resting spent in this place.
 E = Time spent auto-exploring this place.
 F = Levels seen in this place.
 G = Mean time per level.
                   A        B        C        D        E       F      G
               +--------+--------+--------+--------+--------+-----+--------+
         Total |   1866 |   1819 |     47 |   1305 |    321 |   2 |  933.0 |
       Dungeon |   1866 |   1819 |     47 |   1305 |    321 |   2 |  933.0 |
               +--------+--------+--------+--------+--------+-----+--------+

Top non-repeatable levels by time:
     D:1: 1858 daAuts
     D:2: 8 daAuts
